 Dungeon Crawl Stone Soup version 0.31-a0-233-g139696dc86 (webtiles) character file.

Game seed: 15137675606944294962

23 Decritt the Trooper (level 2, -2/20 HPs)
             Began as a Gargoyle Fighter on July 8, 2023.
             Killed from afar by Sigmund (8 damage)
             ... with a puff of flame
             ... on level 2 of the Dungeon.
             The game lasted 00:01:29 (1142 turns).

Decritt the Trooper (Gargoyle Fighter)              Turns: 1142, Time: 00:01:30

Health: -2/20      AC:  9    Str: 19    XL:     2   Next: 95%
Magic:  2/2        EV:  9    Int:  8    God:
Gold:   73         SH:  4    Dex:  9    Spells: 1/1 levels left

rFire   . . .        a - +0 flail
rCold   . . .        c - +0 buckler
rNeg    + . .        b - +0 scale mail
rPois   ∞            (no helmet)
rElec   +            (no cloak)
rCorr   .            (no gloves)
SInv    .            (no boots)
Will    .....        (no amulet) Stlth
                     (no ring)
HPRegen 0.23/turn    (no ring)
MPRegen 0.08/turn

%: no passive effects
@: no status effects
A: sickness immunity, AC +2, negative energy resistance 1, electricity
resistance, torment resistance 1, petrification resistance
a: no special abilities


You were on level 2 of the Dungeon.
You visited 1 branch of the dungeon, and saw 2 of its levels.

You collected 73 gold pieces.

Inventory:

Hand Weapons
 a - a +0 flail (weapon)
Armour
 b - a +0 scale mail (worn)
 c - a +0 buckler (worn)
Jewellery
 j - a ring of ice
Scrolls
 f - 4 scrolls of identify {unknown}
 g - a scroll of vulnerability {unknown}
 h - a scroll of poison {unknown}
 i - a scroll of enchant weapon {unknown}
Potions
 d - 2 potions of might
 e - a potion of degeneration {unknown}


   Skills:
 * Level 3.7 Fighting
 * Level 2.5 Maces & Flails
 + Level 3.4 Armour
 + Level 3.5 Shields


You had one spell level left.
You didn't know any spells.
Your spell library contained the following spells:

 Spells                   Type           Power      Damage    Failure   Level
 Petrify                  Tmut/Erth      0%         N/A       100%        4
 Irradiate                Conj/Tmut      0%         3d11      100%        5
 Storm Form               Tmut/Air       0%         N/A       100%        7
 Maxwell's Capacitive Co  Air            0%         ∞         100%        8
 Sublimation of Blood     Necr           Unusable   N/A       N/A         2

Dungeon Overview and Level Annotations

Branches:
Dungeon (2/15)

Altars:

Annotations:
D:2 Sigmund


Innate Abilities, Weirdness & Mutations

You are immune to sickness and miasma.
Your stone body is resilient. (AC +2)
You are immune to poison.
You resist negative energy. (rN+)
You are resistant to electric shocks. (rElec)
You are resistant to unholy torment.
You are immune to petrification.


Message History

Sigmund the Dreaded comes into view.
He is wielding a +0 scythe.
Found an escape hatch in the floor.
Sigmund points at you and mumbles some strange words.
The puff of flame hits you but does no damage.
You barely miss Sigmund. Sigmund misses you.
You barely miss Sigmund. Sigmund hits you with a +0 scythe.
You closely miss Sigmund. Sigmund closely misses you.
You hit Sigmund.
Sigmund is lightly wounded.
You hit Sigmund.
Sigmund is moderately wounded.
Sigmund hits you with a +0 scythe.
You barely miss Sigmund.
Sigmund is moderately wounded.
Sigmund closely misses you.
You closely miss Sigmund.
Sigmund is moderately wounded.
Sigmund casts a spell.
Sigmund flickers and vanishes!
Deactivating autopickup; reactivate with Ctrl-A.
You closely miss something.
You hear some strange, mumbled words.
A magic dart appears from out of thin air!
The magic dart hits you but does no damage.
Something hits you but does no damage.
You miss something. You miss something. Something hits you.
You miss something. Something hits you.
You barely miss something. Something hits you but does no damage.
Unknown command.
You closely miss something. Something hits you but does no damage.
You barely miss something. Something hits you.
* * * LOW HITPOINT WARNING * * *
You completely miss something. Something hits you.
* * * LOW HITPOINT WARNING * * *
You sock something!
You hear some strange, mumbled words.
A puff of flame appears from out of thin air!
The puff of flame hits you!
You die...

##.## #.# ##...#
#.# .... #.# ..>
#.# #.# #.# #
#.########.# #.#.
#..........#
#...##.##########
#..{@.# #>..##.#
...). #.# #...
..# #.. ### ##


There were no monsters in sight!

Vanquished Creatures
  2 ball pythons (D:1)
  2 bats (D:1)
  An endoplasm (D:1)
  3 goblins (D:1)
  2 hobgoblins (D:1)
  3 jackals (D:1)
  A quokka (D:1)
  A frilled lizard (D:1)
  A kobold (D:1)
  5 rats (D:1)
21 creatures vanquished.

Notes
Turn   | Place    | Note
-------+----------+-------------------------------------------
     0 | D:1      | Decritt the Gargoyle Fighter began the quest for the Orb.
     0 | D:1      | Reached XP level 1. HP: 14/14 MP: 1/1
   115 | D:1      | Reached XP level 2. HP: 15/19 MP: 2/2
  1125 | D:2      | Noticed Sigmund
  1142 | D:2      | Killed from afar by Sigmund

Illustrated notes

Levels and vault maps discovered:
D:1:      dpeg_arrival_renting, layout_loops_corners, minmay_fountain_box
D:2:      minmay_alternating_diamond, layout_loops_ring,
          kennysheep_generic_room_10, uniq_robin, uniq_sigmund

Action                     || total
---------------------------++-------
  Melee: Flail             ||    87
 Armour: Scale mail        ||    67
  Dodge: Dodged            ||    55
  Block: Buckler           ||    16

Table legend: (Time is in decaauts)
 A = Elapsed time spent in this place.
 B = Non-inter-level travel time spent in this place.
 C = Inter-level travel time spent in this place.
 D = Time resting spent in this place.
 E = Time spent auto-exploring this place.
 F = Levels seen in this place.
 G = Mean time per level.
                   A        B        C        D        E       F      G
               +--------+--------+--------+--------+--------+-----+--------+
         Total |   1168 |   1117 |     51 |      0 |    894 |   2 |  584.0 |
       Dungeon |   1168 |   1117 |     51 |      0 |    894 |   2 |  584.0 |
               +--------+--------+--------+--------+--------+-----+--------+

Top non-repeatable levels by time:
     D:1: 1052 daAuts
     D:2: 116 daAuts
